Map: 포트 알렉산더 - 래더

Players

Lambo

  • Race: Zerg Zerg
  • Spawn Location: 11:00

llllllllllll (herO) - Winner!

  • Race: Protoss Protoss
  • League: Master
  • Spawn Location: 5:00

Event: IEM Season 13 - Katowice Server Qualifiers Europe

VOD

Have the link to the VOD?

Description

Time

  • Played on: Jan. 8, 2019, 9:49 a.m.
  • Length: 6:18

All games in this series

Show
View Real Time Build Order
Export as new Build Order

Lambo Zerg 

Build Orders: Hatch First 

Get SALT Encoding   

  12  0:00  Drone  
  13  0:12  Overlord  
  13  0:17  Drone  
  14  0:30  Drone x2  
  16  0:49  Hatchery  
  15  0:51  Drone  
  15  0:56  Drone  
  17  0:59  Drone  
  18  1:10  Extractor  
  17  1:14  Spawning Pool  
  17  1:18  Drone  
  17  1:21  Drone  
  18  1:28  Drone  
  19  1:40  Drone  
  20  1:50  Overlord  
  20  2:01  Queen x2  
  20  2:02  Zergling x4  
  26  2:10  Metabolic Boost  
  26  2:11  Drone  
  26  2:14  Drone  
  28  2:22  Drone x2  
  30  2:37  Hatchery  
  30  2:40  Drone  
  30  2:43  Drone  
  31  2:46  Overlord  
  31  2:49  Drone  
  32  3:03  Overlord  
  32  3:04  Queen, Drone x2  
  36  3:22  Drone x7  
  43  3:32  Overlord, Drone  
  44  3:42  Overlord  
  44  3:43  Lair  
  44  3:50  Roach Warren, Extractor  
  44  3:51  Extractor  
  44  3:55  Zergling x4  
  43  3:56  Drone x4  
  43  4:02  Drone x3  
  50  4:12  Drone  
  50  4:13  Drone x3  
  50  4:14  Overlord  
  54  4:26  Overlord  
  54  4:38  Drone x3  
  56  4:39  Roach x4  
  56  4:40  Overseer  
  56  4:42  Overseer  
  66  4:45  Roach  
  66  4:46  Roach x2  
  66  4:52  Roach x2, Zergling x8  
  78  4:56  Roach, Zergling x4  
  82  5:00  Overlord  
  82  5:03  Overlord  
  82  5:04  Overlord  
  82  5:12  Overlord  
  81  5:15  Overlord  
  81  5:18  Queen  
  81  5:19  Roach x2  
  81  5:20  Ravager  
  90  5:21  Roach  
  90  5:26  Roach x2  
  96  5:28  Roach, Zergling x2  
  96  5:30  Ravager  
  96  5:33  Roach x2  
  99  5:39  Zergling x6  
  96  5:44  Roach x2, Zergling x4  
  89  5:51  Roach, Zergling x2  
  89  5:53  Roach  
  89  5:56  Roach  
Show
View Real Time Build Order
Export as new Build Order

llllllllllll Protoss - Winner!

Build Orders: 1 Gate Expand 

Get SALT Encoding   

  12  0:01  Probe  
  13  0:13  Probe  
  14  0:18  Pylon  
  14  0:24  Probe  
  15  0:31  Assimilator  
  15  0:32  Probe  
  15  0:40  Probe  
  16  0:48  Gateway  
  17  0:51  Probe  
  18  1:03  Probe  
  19  1:15  Probe  
  20  1:27  Nexus  
  20  1:37  Cybernetics Core  
  20  1:39  Probe  
  21  1:44  Assimilator  
  21  1:51  Probe  
  22  1:56  Pylon  
  22  2:03  Probe  
  22  2:04  Stalker  
  25  2:15  Probe  
  26  2:23  Robotics Facility  
  26  2:26  Warp Gate  
  26  2:29  Probe  
  27  2:36  Adept  
  29  2:38  Probe  
  29  2:40  Probe  
  31  2:48  Probe x2  
  31  2:56  Probe x2  
  33  3:03  Sentry, Immortal  
  37  3:08  Probe  
  37  3:09  Probe  
  43  3:20  Pylon  
  43  3:25  Twilight Council  
  43  3:27  Probe  
  43  3:31  Pylon  
  43  3:32  Warp Prism  
  44  3:47  Charge  
  46  3:52  Gateway  
  46  3:53  Gateway  
  46  3:54  Gateway  
  46  4:01  Immortal  
  50  4:22  Gateway  
  50  4:24  Gateway  
  50  4:26  Gateway  
  50  4:30  Gateway  
  50  4:33  Zealot  
  50  4:37  Pylon  
  52  4:39  Pylon  
  52  4:49  Zealot x3  
  52  4:52  Pylon  
  58  5:11  Zealot x4  
  65  5:16  Pylon  
  65  5:27  Zealot x4  
  73  5:31  Zealot  
  73  5:32  Zealot x2  
  75  5:56  Zealot x7  
  83  6:00  Zealot  

Tags
 
Add a new tag
Caveats
  • Supply blocks, unpowered buildings, or Contaminate may cause inaccurate times.
  • Supply counts are checked every 10 seconds.